AoeStats
← BHA-1

Black Forest

506806809Analyzed
2v2 RM · 17d ago on Sep 15, 2026· 19m 28s· 4 players
Game mode
Random Map
Map size
Medium (4 player)
Population
200
Speed
Normal
Resources
Standard
Victory
Conquest
Starting age
Dark Age
Ending age
Imperial Age
RankedLock teamsTeams togetherTeam positionsShared explorationLock speedFull tech treeHidden civsTurbo modeCheats
Victory
Defeat
🇪🇸 Persians · Spain
946
+14
🇮🇹 Bulgarians · Italy
940
+32
🇦🇺 Teutons · Australia
976
-17
🇨🇳 Gurjaras · China
845
-12
gilberto34rav
1:28 Loom
17:27 Feudal Age
17:59 Arson
gabrissss
0:31 Loom
11:47 Feudal Age
19:46 Castle Age
17:41 Double-Bit Axe
17:42 Horse Collar
17:56 Gold Mining
20:04 Forging
20:05 Padded Archer Armor
20:41 Wheelbarrow
83716497273
BHA-1
1:40 Loom
Connection lost

Rejoining the realm…

Still unreachable

The connection could not be restored.

Session expired

The server has moved on; the page needs a fresh start.